 Dungeon Crawl Stone Soup version 0.31-a0-232-gb1c03b2570 (webtiles) character file.

Game seed: 12072388089370673844

98 qw the Shooter (level 4, -7/26 HPs)
             Began as a Gargoyle Hexslinger on July 7, 2023.
             Mangled by an orc warrior
             ... wielding a +0 hand axe
              (10 damage)
             ... on level 3 of the Dungeon.
             The game lasted 00:00:46 (1510 turns).

qw the Shooter (Gargoyle Hexslinger)                Turns: 1510, Time: 00:00:46

Health: -7/26      AC:  8    Str: 21    XL:     4   Next: 69%
Magic:  5/5        EV: 12    Int: 11    God:
Gold:   107        SH:  0    Dex: 14    Spells: 4/5 levels left

rFire   . . .        Y - +1 sling
rCold   . . .        (no shield)
rNeg    + . .        b - +1 robe "Taikufra" {-Cast rElec Str+10 Int-3}
rPois   inf          e - +2 hat
rElec   +            (no cloak)
rCorr   .            (no gloves)
SInv    .            (no boots)
Will    .....        (no amulet)
Stlth   +            (no ring)
HPRegen 0.24/turn    (no ring)
MPRegen 0.09/turn

%: no spellcasting
@: about to teleport
A: sickness immunity, AC +3, negative energy resistance 1, electricity
resistance, torment resistance 1, petrification resistance
a: no special abilities


You were on level 3 of the Dungeon.
You visited 1 branch of the dungeon, and saw 3 of its levels.

You collected 107 gold pieces.


Innate Abilities, Weirdness & Mutations

You are immune to sickness and miasma.
Your stone body is resilient. (AC +3)
You are immune to poison.
You resist negative energy. (rN+)
You are resistant to electric shocks. (rElec)
You are resistant to unholy torment.
You are immune to petrification.


   Skills:
 - Level 2.0 Fighting
 + Level 4.3 Ranged Weapons
 - Level 1.0 Armour
 - Level 1.5 Dodging
 - Level 1.0 Spellcasting
 - Level 2.6 Hexes


You had 4 spell levels left.
You knew the following spells:

 Your Spells              Type           Power      Damage    Failure   Level
a - Slow                  Hex            24%        N/A       11%         1

Your spell library contained the following spells:

 Spells                   Type           Power      Damage    Failure   Level
 Inner Flame              Hex/Fire       3%         N/A       50%         3
 Portal Projectile        Hex/Tloc       6%         N/A       50%         3
 Cause Fear               Hex            3%         N/A       71%         4

Inventory:

Hand Weapons
 Y - a +1 sling (weapon)
Armour
 b - the +1 robe "Taikufra" (worn) {-Cast rElec Str+10 Int-3}
   (You found it on level 2 of the Dungeon)

   Str:       It affects your strength (+10).
   Int:       It affects your intelligence (-3).
   rElec:     It insulates you from electricity.
   -Cast:     It prevents spellcasting.
 e - a +2 hat (worn)
Scrolls
 i - a scroll of identify
Potions
 c - a potion of attraction {unknown}
 d - a potion of heal wounds {unknown}
 h - a potion of curing {unknown}

Dungeon Overview and Level Annotations

Branches:
Dungeon (3/15)

Altars:


Message History

The sling bullet closely misses the orc warrior.
The sling bullet closely misses the orc.
The orc warrior misses you.
You shoot a sling bullet. The sling bullet hits the orc warrior.
The orc warrior is moderately wounded.
The orc warrior barely misses you.
You shoot a sling bullet.
The sling bullet hits the orc warrior but does no damage.
The orc warrior is moderately wounded.
The orc priest calls upon Beogh to heal the orc warrior.
The orc warrior is healed somewhat.
The orc warrior barely misses you.
You shoot a sling bullet. The sling bullet hits the orc warrior.
The orc warrior is lightly wounded.
The orc priest closely misses you. The orc warrior barely misses you.
You shoot a sling bullet.
The sling bullet hits the orc warrior but does no damage.
The orc warrior is lightly wounded.
The orc priest closely misses you. The orc warrior completely misses you.
You shoot a sling bullet.
The sling bullet closely misses the orc warrior.
The orc priest hits you but does no damage.
The orc warrior hits you with a +0 hand axe!
You shoot a sling bullet.
The sling bullet closely misses the orc warrior.
The orc warrior closely misses you.
The orc priest hits you but does no damage.
The orc priest barely misses you.
The orc warrior hits you with a +0 hand axe.
1508 ||| READING scroll of teleportation.
As you read the scroll of teleportation, it crumbles to dust.
You feel strangely unstable. The orc priest barely misses you.
The orc warrior closely misses you.
You shoot a sling bullet.
The sling bullet closely misses the orc warrior.
The orc priest hits you with a +0 hand axe.
The orc warrior closely misses you.
You shoot a sling bullet.
The sling bullet closely misses the orc warrior.
The orc warrior hits you with a +0 hand axe!
You die...

### #######.# :.......#
######.############
#o@................
#o####.###########.
..o####.### ###.....
............###.......
........................
$.......................
........................
........................
.................##+


You could see an orc warrior, an orc priest and an orc.

Vanquished Creatures
  4 adders
  2 worms (D:2)
  2 dart slugs
  4 bats
  6 endoplasms
  6 goblins
  5 hobgoblins
  5 kobolds
  A quokka (D:1)
  8 ball pythons
  3 frilled lizards
  6 rats (D:1)
52 creatures vanquished.

Notes
Turn   | Place    | Note
-------+----------+-------------------------------------------
     0 | D:1      | qw the Gargoyle Hexslinger began the quest for the Orb.
     0 | D:1      | Reached XP level 1. HP: 12/12 MP: 2/2
     0 | D:1      | 0 ||| qw: Version: 0.3-a-46-gb1f654a
     0 | D:1      | 0 ||| qw: Game counter: 2506
     0 | D:1      | 0 ||| qw: Melee chars always use a shield: true
     0 | D:1      | 0 ||| qw: God list: Okawaru
     0 | D:1      | 0 ||| qw: Allow faded altars: false
     0 | D:1      | 0 ||| qw: Do Orc after clearing Dungeon:15 true
     0 | D:1      | 0 ||| qw: Do second Lair branch before Depths: true
     0 | D:1      | 0 ||| qw: Lair rune preference: random
     0 | D:1      | 0 ||| qw: Goals: Normal
     0 | D:1      | 0 ||| PLANNING D:1-11
   100 | D:1      | Reached XP level 2. HP: 16/16 MP: 3/3
   163 | D:1      | Found a faded altar of an unknown god.
   199 | D:1      | Reached skill level 3 in Ranged Weapons
   485 | D:1      | Reached XP level 3. HP: 21/21 MP: 4/4
   492 | D:1      | 492 ||| UPGRADING to +2 hat.
   504 | D:1      | 504 ||| UPGRADING to +0 ring mail.
   514 | D:1      | 514 ||| DROPPING +0 robe.
   642 | D:1      | 642 ||| DROPPING scroll of poison.
   758 | D:2      | Identified the +1 robe "Taikufra" {-Cast rElec Str+10
                  | Int-3}
   950 | D:2      | Reached XP level 4. HP: 25/26 MP: 5/5
   974 | D:2      | Reached skill level 4 in Ranged Weapons
  1169 | D:2      | Reached skill level 1 in Armour
  1389 | D:2      | 1389 ||| UPGRADING to +1 robe "Taikufra" {-Cast rElec
                  | Str+10 Int-3}.
  1399 | D:2      | 1399 ||| DROPPING +0 ring mail.
  1400 | D:2      | 1400 ||| READING 2 scrolls labelled WONLYF QUAPT.
  1404 | D:2      | 1404 ||| READING 2 scrolls labelled TEMIEM MYSIOTZE.
  1405 | D:2      | 1405 ||| READING scroll labelled IWY NIUMAPNI.
  1406 | D:2      | 1406 ||| READING scroll labelled WOFUDO NICVIHO.
  1492 | D:3      | Noticed an orc warrior
  1507 | D:3      | HP: 5/26 [orc warrior/+0 hand axe (3)]
  1508 | D:3      | 1508 ||| READING scroll of teleportation.
  1510 | D:3      | Mangled by an orc warrior

Levels and vault maps discovered:
D:1:      onia_arrival_handbag, layout_basic, shapermc_ecumenical_altar_petra,
          nicolae_concentric_dashed_squares_wild, minmay_shallow_snake_nest
D:2:      minmay_general_purpose_star, layout_loops_ring,
          amcnicky_mini_corridor_feature, serial_bayou_pond_d
D:3:      wad_river_or_something, layout_basic, uniq_crazy_yiuf_cottage

Skill      XL: |  1  2  3  4 |
---------------+-------------+-----
Ranged Weapons | 3 4 |  4.3
Fighting       | 2 |  2.0
Armour         | 1 |  1.0
Dodging        | |  1.5
Spellcasting   | |  1.0
Hexes          | |  2.6

Action                     |  1- 3 |  4- 6 || total
---------------------------+-------+-------++-------
   Fire: Sling             |   137 |    68 ||   205
    Use: Scroll            |       |     5 ||     5
 Armour: Robe              |     7 |     3 ||    10
         Ring mail         |    31 |    19 ||    50
  Dodge: Dodged            |    47 |    30 ||    77

Table legend:
 A = Non-vault XP
 B = Vault XP
 C = Vault XP percentage of total XP
 D = Non-vault monster count
 E = Vault monster count
 F = Vault count percentage of total count
                 A         B        C        D         E       F
            +---------+---------+-------+---------+---------+-------
      Total |     123 |      17 |  12.1 |      42 |      10 |  19.2
            +---------+---------+-------+---------+---------+-------
        D:1 |      40 |       7 |  14.9 |      23 |       6 |  20.7
        D:2 |      66 |      10 |  13.2 |      16 |       4 |  20.0
        D:3 |      17 |       0 |   0.0 |       3 |       0 |   0.0
            +---------+---------+-------+---------+---------+-------
